 Dungeon Crawl Stone Soup version 0.27.1-1-g398f81649c (webtiles) character file.

Game seed: 17188255617985377369

79 Yaksher the Digger (level 4, -3/24 HPs)
             Began as a Gargoyle Earth Elementalist on Sept 12, 2021.
             Shot with an arrow by a centaur (7 damage)
             ... on level 5 of the Dungeon.
             The game lasted 00:18:03 (2928 turns).

Yaksher the Digger (Gargoyle Earth Elementalist)    Turns: 2928, Time: 00:18:04

Health: -3/24      AC:  5    Str: 11    XL:     4   Next: 38%
Magic:  2/8        EV: 12    Int: 17    God:
Gold:   100        SH:  0    Dex: 10    Spells: 4/8 levels left

rFire    . . .     SeeInvis .   g - +0 spear
rCold    . . .     Faith    .   (no shield)
rNeg     + . .     Spirit   .   b - +0 robe
rPois    ∞         Reflect  .   (no helmet)
rElec    +         Harm     .   (no cloak)
rCorr    .         Rampage  .   (no gloves)
Will     .....                  (no boots)
Stlth    ++........             (no amulet)
HPRegen  0.08/turn              q - ring of flight
MPRegen  0.11/turn              (no ring)

@: flying, very slightly contaminated
A: sickness immunity, AC +3, negative energy resistance 1, electricity
resistance, torment resistance 1, petrification resistance
a: no special abilities


You were on level 5 of the Dungeon.
You visited 1 branch of the dungeon, and saw 4 of its levels.

You collected 100 gold pieces.

Inventory:

Hand Weapons
 f - a +0 short sword
 g - a +0 spear (weapon)
 n - a +0 whip
Missiles
 c - 11 stones
 e - 44 arrows
Armour
 b - a +0 robe (worn)
 l - a +0 robe
Magical Staves
 s - a staff of cold
Jewellery
 q - a ring of flight (left hand)
Wands
 t - a wand of paralysis (6)
Scrolls
 a - a scroll of vulnerability {unknown}
 d - a scroll of noise
 h - a scroll of enchant weapon {unknown}
 i - a scroll of immolation {unknown}
 j - a scroll of fear {unknown}
 k - a scroll of amnesia {unknown}
 p - a scroll of teleportation {unknown}
 r - a scroll of identify {unknown}
Potions
 m - a potion of degeneration {unknown}
 o - a potion of might {unknown}


   Skills:
 + Level 0.1 Fighting
 + Level 0.1 Polearms
 + Level 1.7 Dodging
 + Level 3.1 Stealth
 + Level 0.2 Unarmed Combat
 + Level 2.8 Spellcasting
 + Level 0.7 Transmutations
 + Level 4.7 Earth Magic


You had 4 spell levels left.
You knew the following spells:

 Your Spells              Type           Power      Damage    Failure   Level
a - Sandblast             Erth           36%        2d10      2%          1
b - Stone Arrow           Conj/Erth      20%        3d8       21%         3

Your spell library contained the following spells:

 Spells                   Type           Power      Damage    Failure   Level
 Passwall                 Tmut/Erth      9%         N/A       9%          2
 Call Canine Familiar     Summ           2%         N/A       47%         3
 Portal Projectile        Hex/Tloc       4%         N/A       47%         3
 Petrify                  Tmut/Erth      11%        N/A       50%         4
 Leda's Liquefaction      Hex/Erth       5%         N/A       56%         4


Dungeon Overview and Level Annotations

Branches:
Dungeon (3/15)

Altars:
Dithmenos

Shops:
D:3 ?


Innate Abilities, Weirdness & Mutations

You are immune to sickness and miasma.
Your stone body is resilient. (AC +3)
You are immune to poison.
You resist negative energy. (rN+)
You are resistant to electric shocks. (rElec)
You are resistant to unholy torment.
You are immune to petrification.


Message History

No target in view!
No target in view!
You see here a staff of cold.
s - a staff of cold
t - a wand of paralysis (6)
You see here a +0 quarterstaff.
Okay, then.
Okay, then.
A ball python comes into view.
You are sucked into a shaft and drop 2 floors!
The shaft crumbles and collapses.
A centaur comes into view.
Found a stone staircase leading down.
The centaur shouts!
The centaur wields a +0 shortbow.
The centaur shoots an arrow.
The arrow hits you!
Casting: Sandblast (safe; 2% risk of failure)
Confirm with . or Enter, or press ? or * to list all spells.
Okay, then.
Casting: Sandblast (safe; 2% risk of failure)
Confirm with . or Enter, or press ? or * to list all spells.
The spell is extremely dangerous to cast (21% risk of failure)!
Continue anyway?
Aiming: Stone Arrow (extremely dangerous; 21% risk of failure)
Press: ? - help, Shift-Dir - straight line, f - centaur
Aim: a centaur, wielding a +0 shortbow and quivering arrows (81% to hit)
You miscast Stone Arrow.
You are very lightly contaminated with residual magic.
Energy rips through your body.
Casting: Stone Arrow (extremely dangerous; 21% risk of failure)
Confirm with . or Enter, or press ? or * to list all spells.
The spell is extremely dangerous to cast (21% risk of failure)!
Continue anyway?
Aiming: Stone Arrow (extremely dangerous; 21% risk of failure)
Press: ? - help, Shift-Dir - straight line, f/p - centaur
Aim: a centaur, wielding a +0 shortbow and quivering arrows (81% to hit)
The stone arrow hits the centaur!
The centaur is severely wounded.
The centaur shoots an arrow.
The arrow hits you!
* * * LOW HITPOINT WARNING * * *
The centaur shoots an arrow.
The arrow hits you!
You die...

# #. #.#
#..#####
#...>..#
#....#
#..@.#
#....#
#..c.#
#....#
........#
.#.#....#
#......#
##.#####
#.


You could see a centaur.

Vanquished Creatures
  2 adders (D:2)
  2 worms (D:2)
  A dart slug (D:1)
  3 bats
  6 endoplasms
  2 giant cockroaches (D:1)
  4 goblins
  5 hobgoblins
  4 jackals (D:2)
  5 kobolds
  3 quokkas
  7 ball pythons
  4 rats (D:1)
48 creatures vanquished.

Notes
Turn   | Place    | Note
-------+----------+-------------------------------------------
     0 | D:1      | Yaksher the Gargoyle Earth Elementalist began the quest for
                  | the Orb.
     0 | D:1      | Reached XP level 1. HP: 10/10 MP: 3/3
   125 | D:1      | Reached XP level 2. HP: 15/15 MP: 1/5
   195 | D:1      | Reached skill level 4 in Earth Magic
   659 | D:1      | Reached XP level 3. HP: 17/19 MP: 1/6
   755 | D:1      | Found a faded altar of an unknown god.
  1144 | D:2      | Found a shadowy altar of Dithmenos.
  1257 | D:2      | Learned a level 3 spell: Stone Arrow
  1860 | D:2      | Reached XP level 4. HP: 11/24 MP: 5/8
  2833 | D:3      | Found Ugacvi's Magic Scroll Shop.
  2923 | D:3      | You are sucked into a shaft and drop 2 floors!
  2923 | D:5      | Entered Level 5 of the Dungeon
  2923 | D:5      | Noticed a centaur
  2928 | D:5      | Shot with an arrow by a centaur

Illustrated notes

Levels and vault maps discovered:
D:1:      minmay_arrival_semitransparent, layout_rooms,
          shapermc_ecumenical_altar_mp_vishouse
D:2:      layout_loops_ring, basic_altar, nrook_mini_vaults,
          minmay_misc_feat_nine_boxes
D:3:      layout_loops_ring, serial_shops, shop, kennysheep_generic_room_6,
          uniq_ijyb, uniq_crazy_yiuf_cottage
D:5:      layout_rooms, serial_shops, shop, shop, uniq_menkaure,
          uniq_prince_ribbit1, uniq_eustachio

Skill      XL: |  1  2  3  4 |
---------------+-------------+-----
Earth Magic    | 4 |  4.7
Stealth        | 3 |  3.1
Fighting       | |  0.1
Polearms       | |  0.1
Dodging        | |  1.7
Unarmed Combat | |  0.2
Spellcasting   | |  2.8
Transmutations | |  0.7

Action                   |  1- 3 |  4- 6 || total
-------------------------+-------+-------++-------
Melee: Unarmed           |     3 |       ||     3
       Spear             |    36 |    25 ||    61
 Cast: Sandblast         |    38 |     4 ||    42
       Stone Arrow       |       |     1 ||     1
  Use: Scroll            |     1 |       ||     1
 Stab: Sleeping          |     1 |     1 ||     2
Armor: Robe              |     9 |     5 ||    14
Dodge: Dodged            |    27 |    18 ||    45
